 Dungeon Crawl Stone Soup version 0.26-a0-651-gb41185065b (webtiles) character file.

Game seed: 12562561671713307001

767 Irenicus the Cutter (level 7, 0/55 HPs)
             Began as a Deep Dwarf Earth Elementalist on Sept 30, 2020.
             Was a Follower of Makhleb.
             Slain by an iguana (4 damage)
             ... on level 6 of the Dungeon.
             The game lasted 00:20:27 (2868 turns).

Irenicus the Cutter (Deep Dwarf Earth Elementalist) Turns: 2868, Time: 00:20:28

Health: 0/55       AC:  7    Str: 11    XL:     7   Next: 52%
Magic:  5/11       EV: 12    Int: 18    God:    Makhleb [*.....]
Gold:   279        SH:  0    Dex: 13    Spells: 8/11 levels left

rFire    . . .     SeeInvis +   h - +0 dagger (elec)
rCold    . . .     Faith    .   (no shield)
rNeg     . . .     Spirit   .   a - +0 leather armour
rPois    .         Reflect  .   i - +2 hat
rElec    .         Harm     .   (no cloak)
rCorr    .         Rampage  .   s - +1 pair of gloves
MR       +....     Rnd*Tele +   (no boots)
Stlth    ++........             (no amulet)
HPRegen  0.00/turn              q - ring of teleportation (curse) {+/*tele, !d}
MPRegen  0.12/turn              z - ring of see invisible {sInv, !d}

@: non-regenerating
A: damage resistance, heal wounds, sense surroundings 1, no regeneration
a: Heal Wounds, Renounce Religion


You were on level 6 of the Dungeon.
You worshipped Makhleb.
Makhleb was aware of your devotion.
You visited 2 branches of the dungeon, and saw 7 of its levels.

You collected 279 gold pieces.

Inventory:

Hand Weapons
 h - a +0 dagger of electrocution (weapon)
   (You took it off a kobold on level 2 of the Dungeon)
 w - the +7 whip "Etaohomp" {vorpal, rF- MR++}
   (You found it on level 4 of the Dungeon)

   It inflicts extra damage upon your enemies.
   It makes you vulnerable to fire.
   It affects your resistance to hostile enchantments.
Missiles
 b - 74 stones (quivered)
Armour
 a - a +0 leather armour (worn)
   (You found it on level 1 of the Dungeon)
 e - a +0 buckler
   (You found it on level 4 of the Dungeon)
 i - a +2 hat (worn)
   (You found it on level 2 of the Dungeon)
 l - a +0 helmet
   (You took it off Robin on level 2 of the Dungeon)
 s - a +1 pair of gloves (worn)
   (You found it on level 3 of the Dungeon)
Jewellery
 q - a cursed ring of teleportation (left hand) {+/*tele, !d}
   (You found it on level 3 of the Dungeon)
 r - a +6 ring of dexterity
   (You found it on level 3 of the Dungeon)
 z - a ring of see invisible (right hand) {sInv, !d}
   (You found it on level 5 of the Dungeon)
Wands
 u - a wand of polymorph (7)
   (You found it on level 4 of the Dungeon)
Scrolls
 f - 5 scrolls of identify
 n - a scroll of enchant armour
 o - 2 scrolls of amnesia
 p - 4 scrolls of teleportation
Potions
 c - a potion of degeneration {unknown}
 d - a potion of might {unknown}
 g - a potion of brilliance {unknown}
 j - a potion of invisibility {unknown}
 k - 3 potions of curing
 m - 4 potions of resistance {unknown}
 t - a potion of berserk rage {unknown}
 v - a potion of cancellation {unknown}
 x - a potion of lignification {unknown}


   Skills:
 - Level 6.0 Short Blades
 - Level 3.0 Dodging
 + Level 4.6 Stealth
 * Level 0.0 Shields
 - Level 2.6 Spellcasting
 - Level 0.8 Transmutations
 - Level 5.1 Earth Magic


You had 8 spell levels left.
You knew the following spells:

 Your Spells              Type           Power        Failure   Level
a - Sandblast             Erth           ###...       2%          1
w - Passwall              Tmut/Erth      ##......     10%         2

Your spell library contained the following spells:

 Spells                   Type           Power        Failure   Level
 Stone Arrow              Conj/Erth      ##....       24%         3
 Petrify                  Tmut/Erth      ##......     54%         4
 Lee's Rapid Deconstruct  Erth           ###.......   58%         5


Dungeon Overview and Level Annotations

Branches:
Dungeon (6/15)             Temple (1/1) D:4

Altars:
Ashenzari
Dithmenos
Elyvilon
Fedhas
Gozag
Hepliaklqana
Kikubaaqudgha
Makhleb
Nemelex Xobeh
Okawaru
Qazlal
Ru
Sif Muna
Trog
Vehumet
Wu Jian
Xom
Yredelemnul
Zin
The Shining One


Innate Abilities, Weirdness & Mutations

You are resistant to damage.
You can heal yourself by infusing magical energy.
You passively map a small area around you.
You do not regenerate.


Message History

There is a stone staircase leading down here.
You climb downwards.
A jackal comes into view.
There is a stone staircase leading up here.
An ogre comes into view. It is wielding a +0 giant spiked club.
A jackal comes into view.
The jackal barks!
The ogre shouts!
You hear an angry hiss.
Casting: Passwall (safe; 10% risk of failure)
Confirm with . or Enter, or press ? or * to list all spells.
Aiming: Sandblast (safe; 2% risk of failure)
Press: ? - help, Shift-Dir - straight line, f - ogre
Aim: an ogre, wielding a +0 giant spiked club The blast of sand hits the ogre!
The ogre is moderately wounded.
b - 79 stones The ogre hits you with a +0 giant spiked club!
* * * LOW HITPOINT WARNING * * *
You take 15 damage, and have 10/55 hp.
MASSIVE DAMAGE!!
You now have 8/11 mp.
Casting: Sandblast (safe; 2% risk of failure)
Confirm with . or Enter, or press ? or * to list all spells.
Aiming: Sandblast (safe; 2% risk of failure)
Press: ? - help, Shift-Dir - straight line, f/p - ogre
Aim: an ogre, wielding a +0 giant spiked club (moderately wounded)
The blast of sand hits the ogre!
The ogre is almost dead.
b - 78 stones The jackal barely misses you.
You now have 7/11 mp.
Casting: Sandblast (safe; 2% risk of failure)
Confirm with . or Enter, or press ? or * to list all spells.
Aiming: Sandblast (safe; 2% risk of failure)
Press: ? - help, Shift-Dir - straight line, f/p - ogre
Aim: an ogre, wielding a +0 giant spiked club (almost dead)
The blast of sand hits the ogre.
You kill the ogre!
Makhleb accepts your kill.
Your Short Blades skill increases to level 6!
b - 77 stones The jackal bites you but does no damage.
The jackal barely misses you. The jackal bites you.
You now have 6/11 mp.
You hit the jackal but do no damage.
The jackal bites you but does no damage.
The jackal completely misses you.
You hit the jackal but do no damage.
The jackal bites you but does no damage.
The jackal bites you.
You hit the jackal. Lightning courses through the jackal!
You kill the jackal!
Makhleb accepts your kill.
You closely miss the jackal. The jackal closely misses you.
Your leather armour prevents you from hitting the jackal.
The jackal bites you but does no damage.
You hit the jackal.
The jackal is heavily wounded.
The jackal misses you.
You barely miss the jackal.
The jackal is heavily wounded.
The jackal bites you.
You hit the jackal but do no damage. Lightning courses through the jackal!!
You kill the jackal!
Makhleb accepts your kill.
You can now gain health from killing.
An iguana comes into view.
The iguana moves out of view.
Things that are here:
a +0 giant spiked club; a jackal corpse; an ogre corpse The iguana hisses angrily.
Evoke which item? (* to show all) (? for menu, Esc to quit)
Okay, then.
Casting: Sandblast (safe; 2% risk of failure)
Confirm with . or Enter, or press ? or * to list all spells.
Aiming: Sandblast (safe; 2% risk of failure)
Press: ? - help, Shift-Dir - straight line, f - iguana
Aim: an iguana The blast of sand hits the iguana.
The iguana is lightly wounded.
b - 76 stones
Casting: Sandblast (safe; 2% risk of failure)
Confirm with . or Enter, or press ? or * to list all spells.
Aiming: Sandblast (safe; 2% risk of failure)
Press: ? - help, Shift-Dir - straight line, f/p - iguana
Aim: an iguana (lightly wounded)
The blast of sand hits the iguana.
The iguana is moderately wounded.
b - 75 stones You now have 6/11 mp.
Your leather armour prevents you from hitting the iguana.
The iguana is moderately wounded.
The iguana bites you!
* * * LOW HITPOINT WARNING * * *
You take 6 damage, and have 4/55 hp.
Casting: Sandblast (safe; 2% risk of failure)
Confirm with . or Enter, or press ? or * to list all spells.
Aiming: Sandblast (safe; 2% risk of failure)
Press: ? - help, Shift-Dir - straight line, f/p - iguana
Aim: an iguana (moderately wounded)
The blast of sand misses the iguana.
b - 74 stones The iguana bites you!
You die...

, , ** ####*##* ,
####..##.### * ,
,, #........... ,
,,, #...........
* ,, ,
#........... ,
#...@l...... , *
+ ,*##
##..########
#.##..###).#####
* *
.......<.......#
,
...........#####+
####.###.###, ,,
* ≈ # ### , ≈ , ,
,, , ≈ , ≈ , , ,


You could see an iguana.

Vanquished Creatures
  A phantom (D:4)
  2 ogres
  A hound (D:4)
  A jelly (D:5)
  A centaur skeleton (D:4)
  An iguana (D:4)
  4 orc wizards
  2 worker ants (D:5)
  Terence (D:2)
  A howler monkey zombie (D:5)
  Robin (D:2)
  7 adders
  An ooze (D:1)
  2 worms
  4 dart slugs
  3 leopard geckos
  11 orcs
  15 giant cockroaches
  18 goblins
  8 hobgoblins
  4 jackals
  2 quokkas
  2 bats (D:2)
  5 frilled lizards
  10 kobolds
  A leopard gecko skeleton (D:4)
  5 rats
114 creatures vanquished.

Notes
Turn   | Place    | Note
-------+----------+-------------------------------------------
     0 | D:1      | Irenicus the Deep Dwarf Earth Elementalist began the quest
                  | for the Orb.
     0 | D:1      | Reached XP level 1. HP: 15/15 MP: 3/3
   167 | D:1      | Reached XP level 2. HP: 19/22 MP: 0/4
   175 | D:1      | Reached skill level 2 in Spellcasting
   281 | D:1      | Reached skill level 3 in Stealth
   336 | D:1      | Learned a level 2 spell: Passwall
   480 | D:1      | Reached XP level 3. HP: 21/28 MP: 0/6
   650 | D:2      | Reached skill level 3 in Dodging
   660 | D:2      | Noticed Terence
   729 | D:2      | Killed Terence
   729 | D:2      | Reached XP level 4. HP: 29/36 MP: 0/7
   757 | D:2      | Reached skill level 5 in Earth Magic
   908 | D:2      | Noticed Robin
   911 | D:2      | Killed Robin
   911 | D:2      | Reached skill level 1 in Short Blades
   959 | D:2      | Irenicus: ?? elec
   959 | D:2      | beem: electrocution[1/1]: Weapon brand that causes your
                  | weapon to blast your target with an explosion of sparks on
                  | 1 out of every 3 hits, doing 7+1d13 additional damage
                  | (which ignores AC). Does not work on targets with rElec.
  1077 | D:2      | Reached XP level 5. HP: 23/42 MP: 9/9
  1285 | D:3      | Reached skill level 2 in Short Blades
  1349 | D:3      | Found a basalt altar of Yredelemnul.
  1363 | D:3      | Found an opulent altar of Gozag.
  1363 | D:3      | Found an ornate altar of the Wu Jian Council.
  1364 | D:3      | Found a glowing silver altar of Zin.
  1373 | D:3      | You fall into a shaft and drop 1 floor!
  1452 | D:4      | Found a broken altar of Ashenzari.
  1507 | D:3      | Found a white marble altar of Elyvilon.
  1569 | D:3      | Found an iron altar of Okawaru.
  1689 | D:3      | Reached skill level 3 in Short Blades
  1692 | D:3      | Found a shimmering blue altar of Sif Muna.
  1736 | D:4      | Reached XP level 6. HP: 14/49 MP: 2/10
  1741 | D:4      | HP: 12/49 [adder (2)]
  1796 | D:4      | Found a staircase to the Ecumenical Temple.
  1802 | Temple   | Entered the Ecumenical Temple
  1894 | Temple   | Became a worshipper of Makhleb the Destroyer
  1924 | D:4      | HP: 7/49 [centaur skeleton (5)]
  1925 | D:4      | Reached skill level 4 in Short Blades
  1952 | D:4      | HP: 9/49 [ogre/+0 giant spiked club (27)]
  2048 | D:4      | Reached skill level 5 in Short Blades
  2089 | D:4      | Got a faintly glowing whip
  2092 | D:4      | Identified the +7 whip "Etaohomp" {vorpal, rF- MR++} (You
                  | found it on level 4 of the Dungeon)
  2268 | D:4      | Reached XP level 7. HP: 29/55 MP: 7/11
  2306 | D:5      | Entered Level 5 of the Dungeon
  2511 | D:5      | Reached skill level 4 in Stealth
  2746 | D:5      | Found an opulent altar of Gozag.
  2850 | D:6      | HP: 10/55 [ogre/+0 giant spiked club (15)]
  2852 | D:6      | Reached skill level 6 in Short Blades
  2860 | D:6      | Reached * piety under Makhleb
  2867 | D:6      | HP: 4/55 [iguana (6)]
  2868 | D:6      | Slain by an iguana

Illustrated notes

Levels and vault maps discovered:
D:1:      matt_arrival_grand_opening, layout_basic
D:2:      minmay_roachtagon, layout_basic, uniq_terence, uniq_robin
D:3:      layout_basic, lemuel_doored_altar, led_sif_pool,
          chequers_temple_overflow_statue_of_worship,
          kennysheep_okawaru_gauntlet
D:4:      layout_loops_ring, evilmike_ruin_ashenzari,
          minmay_temple_entry_enclosed_plants, kennysheep_generic_room_16
D:5:      layout_gridville, grunt_gozag_statues
D:6:      kennysheep_steamy, layout_gridville, lemuel_crystal_altar
Temple:   eino_narrow_crystal_temple

Skill      XL: |  1  2  3  4  5  6  7 |
---------------+----------------------+-----
Spellcasting   | 2 |  2.6
Stealth        | 3 4 |  4.6
Dodging        | 3 |  3.0
Earth Magic    | 5 |  5.1
Short Blades   | 1 3 5 6 |  6.0
Transmutations | |  0.8

Action                   |  1- 3 |  4- 6 |  7- 9 || total
-------------------------+-------+-------+-------++-------
Melee: Club              |    31 |     1 |       ||    32
       Short sword       |       |    38 |       ||    38
       Dagger            |       |    57 |    26 ||    83
 Cast: Sandblast         |    45 |    76 |    18 ||   139
       Passwall          |     4 |     6 |    12 ||    22
  Use: Potion            |     1 |     2 |       ||     3
       Scroll            |       |     3 |     3 ||     6
 Stab: Sleeping          |     1 |     7 |     4 ||    12
       Distracted        |       |     1 |       ||     1
Armor: Leather armour    |    11 |    41 |     7 ||    59
Dodge: Dodged            |    34 |    88 |    14 ||   136

Table legend: (Time is in decaauts)
 A = Elapsed time spent in this place.
 B = Non-inter-level travel time spent in this place.
 C = Inter-level travel time spent in this place.
 D = Time resting spent in this place.
 E = Time spent auto-exploring this place.
 F = Levels seen in this place.
 G = Mean time per level.
                   A        B        C        D        E       F      G
               +--------+--------+--------+--------+--------+-----+--------+
         Total |   2862 |   2849 |     13 |      0 |      0 |   7 |  408.9 |
       Dungeon |   2755 |   2742 |     13 |      0 |      0 |   6 |  459.2 |
        Temple |    107 |    107 |      0 |      0 |      0 |   1 |  107.0 |
               +--------+--------+--------+--------+--------+-----+--------+

Top non-repeatable levels by time:
     D:2: 603 daAuts
     D:4: 594 daAuts
     D:5: 531 daAuts
     D:1: 520 daAuts
     D:3: 483 daAuts
  Temple: 107 daAuts
     D:6: 21 daAuts

Table legend:
 A = Kills in this place as a percentage of kills in entire the game.
 B = Kills by you in this place as a percentage of kills by you in the entire game.
 C = Kills by friends in this place as a percentage of kills by friends in the entire game.
 D = Other kills in this place as a percentage of other kills in the entire game.
 E = Experience gained in this place as a percentage of experience gained in the entire game.
 F = Experience gained in this place divided by the number of levels of this place that you have seen.
                   A       B       C       D       E      F
               +-------+-------+-------+-------+-------+----------------------
         Total | 100.0 | 100.0 |   N/A |   N/A | 100.0 | 156.7
       Dungeon | 100.0 | 100.0 |   N/A |   N/A | 100.0 | 182.8
               +-------+-------+-------+-------+-------+----------------------
